 Seeded DCSS version 0.31-a0-358-gac0dbeb3ab (webtiles) character file.

Game seed: 13025550178079560582 (custom seed)

4979 bmack86 the Severer (level 10, -6/77 HPs)
             Began as a Minotaur Fighter on July 26, 2023.
             Was an Elder of Okawaru.
             Mangled by a manticore (14 damage)
             ... on level 13 of the Dungeon.
             The game lasted 00:22:47 (8133 turns).

bmack86 the Severer (Minotaur Fighter)              Turns: 8133, Time: 00:22:48

Health: -6/77      AC: 17    Str: 24    XL:     10   Next: 29%
Magic:  15/15      EV:  5    Int:  5    God:    Okawaru [****..]
Gold:   543        SH:  8    Dex: 11    Spells: 9/9 levels left

rFire   + . .        x - +3 broad axe
rCold   . . .        f - +0 kite shield
rNeg    . . .        t - +1 plate armour {rF+}
rPois   .            (helmet restricted)
rElec   .            l - +0 cloak
rCorr   .            (no gloves)
SInv    +            (no boots)
Will    .....        (no amulet) Stlth
                     s - ring of see invisible
HPRegen 0.32/turn    F - +4 ring of protection
MPRegen 0.14/turn

%: no passive effects
@: spiked
A: horns 2, retaliatory headbutt
a: Renounce Religion, Heroism, Finesse


You were on level 13 of the Dungeon.
You worshipped Okawaru.
Okawaru was greatly pleased with you.
You visited 2 branches of the dungeon, and saw 12 of its levels.

You collected 543 gold pieces.

Inventory:

Hand Weapons
 x - a +3 broad axe (weapon)
Missiles
 m - 10 poisoned darts
 y - 2 curare-tipped darts
Armour
 f - a +0 kite shield (worn)
 l - a +0 cloak (worn)
 t - a +1 plate armour of fire resistance (worn)
Jewellery
 j - a ring of ice
 s - a ring of see invisible (left hand)
 v - a +5 ring of evasion
 F - a +4 ring of protection (right hand)
 H - a ring of magical power
Wands
 u - a wand of roots (2)
 A - a wand of mindburst (6)
 E - a wand of flame (15) (quivered)
Scrolls
 d - 2 scrolls of teleportation
 k - a scroll of fog
 o - a scroll of silence {unknown}
 p - 2 scrolls of revelation {unknown}
 B - a scroll of enchant armour {unknown}
 C - a scroll of fear
 D - a scroll of amnesia {unknown}
Potions
 e - 4 potions of enlightenment
 g - a potion of magic {unknown}
 h - 4 potions of curing
 i - 3 potions of ambrosia
 q - 3 potions of resistance
 r - 4 potions of haste
 z - a potion of mutation {unknown}


   Skills:
 - Level 3.6 Fighting
 * Level 15.3 Axes
 - Level 3.6 Armour
 - Level 3.6 Shields
 - Level 8.0 Invocations


You had 9 spell levels left.
You didn't know any spells.
Your spell library contained the following spells:

 Spells                   Type           Power      Damage    Failure   Level
 Kiss of Death            Conj/Necr      0%         2d5       100%        1
 Slow                     Hex            0%         N/A       100%        1
 Sting                    Tmut/Pois      0%         1d3       100%        1
 Poisonous Vapours        Pois/Air       0%         N/A       100%        2
 Static Discharge         Conj/Air       0%         2-2/arc   100%        2
 Sublimation of Blood     Necr           0%         N/A       100%        2
 Confusing Touch          Hex            0%         N/A       100%        3
 Vampiric Draining        Necr           0%         2d6       100%        3
 Airstrike                Air            0%         2d(0-16)  100%        4
 Olgreb's Toxic Radiance  Pois           0%         N/A       100%        4
 Passage of Golubria      Tloc           0%         N/A       100%        4
 Yara's Violent Unravell  Hex/Tmut       0%         3d3       100%        5
 Lehudib's Crystal Spear  Conj/Erth      0%         10d2      100%        8
 Fire Storm               Conj/Fire      0%         5d1       100%        9
 Tukima's Dance           Hex            Unusable   N/A       N/A         3
 Summon Lightning Spire   Summ/Air       Unusable   N/A       N/A         4

Dungeon Overview and Level Annotations

Branches:
Dungeon (10/15)            Temple (1/1) D:5            Lair (0/5) D:8
    Orc: D:9-12

Altars:
Ashenzari
Cheibriados
Dithmenos
Elyvilon
Fedhas
Gozag
Hepliaklqana
Kikubaaqudgha
Makhleb
Nemelex Xobeh
Okawaru
Qazlal
Ru
Sif Muna
Trog
Uskayaw
Vehumet
Wu Jian
Xom
Yredelemnul
Zin
The Shining One

Shops:
D:6 :(   D:8 :*

Annotations:
D:7 2 transporters, bjtr's ghost, novice GnEE


Innate Abilities, Weirdness & Mutations

You have a pair of horns on your head.
You reflexively headbutt those who attack you in melee.


Message History

The grasping roots constrict the manticore.
The roots release their grip on the manticore.
The manticore flicks its tail.
The volley of spikes hits you.
The barbed spikes become lodged in your body.
Okay, then.
The puff of flame hits the manticore.
The manticore is moderately wounded.
The manticore flicks its tail.
The volley of spikes hits you!
The barbed spikes become lodged in your body.
The puff of flame misses the manticore.
The puff of flame hits the manticore but does no damage.
The manticore is moderately wounded.
The manticore flicks its tail.
The volley of spikes hits you.
The barbed spikes become lodged in your body.
The puff of flame hits the manticore.
The manticore is moderately wounded.
You barely miss the manticore. Your headbutt misses the manticore.
The manticore is moderately wounded.
You hit the manticore.
The manticore is heavily wounded.
The manticore bites you!!
The manticore claws you but does no damage. x2
You hit the manticore but do no damage. You headbutt the manticore.
The manticore is heavily wounded.
The manticore bites you!
* * * LOW HITPOINT WARNING * * *
The manticore claws you!
* * * LOW HITPOINT WARNING * * *
You block the manticore's attack.
You hit the manticore.
The manticore is heavily wounded.
The manticore bites you!
* * * LOW HITPOINT WARNING * * *
The manticore claws you but does no damage. x2
Unknown command.
You feel better. The manticore bites you!
You die...

#######
#.....#
#.###.#
#.#...#
..#####.#.###
#.....H@#...#
#######.#####
#.....#
###'####
#....# ####.#
#.# #.#
#.......#


You could see a manticore.

Vanquished Creatures
  An ugly thing (D:8)
  2 kobold demonologists
  Grinder (D:6)
  5 wyverns
  A vampire (D:8)
  A steam dragon (D:8)
  A water moccasin (D:7)
  Duvessa (D:5)
  2 sky beasts (D:7)
  3 orc warriors
  An ogre (D:5)
  A centaur (D:9)
  2 phantoms
  2 kobold brigands
  5 bullfrogs
  5 wights (D:9)
  Dowan (D:5)
  5 killer bees (D:9)
  Crazy Yiuf (D:2)
  A gnoll bouda (D:6)
  6 orc priests
  4 hounds
  A jelly (D:6)
  An iguana (D:4)
  3 sleepcaps
  10 orc wizards
  8 adders
  4 gnolls (D:6)
  3 shadow imps (D:5)
  A white imp (D:6)
  A worm (D:5)
  2 dart slugs
  27 orcs
  7 endoplasms
  7 goblins
  13 hobgoblins
  2 jackals (D:3)
  13 kobolds
  3 quokkas
  6 ball pythons
  3 bats
  2 frilled lizards
  7 rats
  A spectral kobold (D:3)
177 creatures vanquished.

Vanquished Creatures (others)
  An orc wizard (D:7)
1 creature vanquished.

Grand Total: 178 creatures vanquished

Notes
Turn   | Place    | Note
-------+----------+-------------------------------------------
     0 | D:1      | bmack86 the Minotaur Fighter began the quest for the Orb.
     0 | D:1      | Reached XP level 1. HP: 19/19 MP: 0/0
   130 | D:1      | Reached skill level 3 in Axes
   199 | D:1      | Reached XP level 2. HP: 21/26 MP: 1/1
   442 | D:1      | Reached skill level 4 in Axes
   816 | D:2      | Reached XP level 3. HP: 31/31 MP: 2/2
  1104 | D:2      | Reached skill level 5 in Axes
  1178 | D:2      | Reached XP level 4. HP: 39/39 MP: 3/3
  1263 | D:2      | Found a runed translucent door.
  1264 | D:2      | Noticed Crazy Yiuf
  1582 | D:2      | Killed Crazy Yiuf
  1583 | D:2      | Reached skill level 6 in Axes
  1755 | D:3      | Found a basalt altar of Yredelemnul.
  1791 | D:3      | Reached XP level 5. HP: 45/45 MP: 4/4
  1909 | D:3      | Found a shadowy altar of Dithmenos.
  1909 | D:3      | Found a hide-covered altar of Uskayaw.
  1987 | D:3      | Found a faded altar of an unknown god.
  2331 | D:4      | Reached skill level 7 in Axes
  2390 | D:4      | Found a blossoming altar of Fedhas.
  2663 | D:4      | Found a broken altar of Ashenzari.
  2982 | D:4      | Found a stormy altar of Qazlal.
  3090 | D:5      | Entered Level 5 of the Dungeon
  3145 | D:5      | Found a staircase to the Ecumenical Temple.
  3155 | Temple   | Entered the Ecumenical Temple
  3175 | Temple   | Became a worshipper of Warmaster Okawaru
  3241 | D:5      | Reached XP level 6. HP: 51/51 MP: 5/5
  3356 | D:5      | Reached skill level 8 in Axes
  3356 | D:5      | Reached skill level 1 in Invocations
  3398 | D:5      | Found a snail-covered altar of Cheibriados.
  3515 | D:5      | Noticed Duvessa
  3757 | D:5      | Killed Duvessa
  3757 | D:5      | Reached * piety under Okawaru
  3758 | D:5      | Reached XP level 7. HP: 27/57 MP: 7/7
  3781 | D:5      | Noticed Dowan
  3785 | D:5      | Killed Dowan
  3786 | D:5      | Reached skill level 9 in Axes
  4039 | D:6      | Found Jifynioh's Weapon Boutique.
  4230 | D:6      | Found a sacrificial altar of Ru.
  4245 | D:6      | Noticed Grinder
  4370 | D:6      | Found a white marble altar of Elyvilon.
  4396 | D:6      | Found Uddot's Tremendous Tomes.
  4609 | D:6      | Killed Grinder
  4610 | D:6      | Reached skill level 10 in Axes
  4620 | D:6      | Reached ** piety under Okawaru
  4621 | D:6      | Reached XP level 8. HP: 64/64 MP: 9/9
  4914 | D:7      | Reached skill level 11 in Axes
  4924 | D:7      | Found a hazy altar of Hepliaklqana.
  5069 | D:7      | Reached skill level 5 in Invocations
  5141 | D:7      | Found a sparkling altar of Nemelex Xobeh.
  5241 | D:7      | Found a transporter.
  5242 | D:7      | Found a transporter.
  5247 | D:7      | Found a bloodstained altar of Trog.
  5247 | D:7      | Noticed a two-headed ogre
  5249 | D:7      | Noticed a moth of wrath
  5250 | D:7      | Noticed bjtr's ghost (novice GnEE)
  5375 | D:7      | Reached skill level 12 in Axes
  5603 | D:7      | Got Myguqet's Grimoire of Sepulchral Bruises
  5837 | D:8      | Reached XP level 9. HP: 54/70 MP: 12/12
  5869 | D:8      | Found a staircase to the Lair.
  5888 | D:8      | Reached *** piety under Okawaru
  6026 | D:8      | Reached skill level 13 in Axes
  6260 | D:8      | Found Yxim's General Store.
  6300 | D:8      | Found Zell's Vocational Training.
  6542 | D:9      | Noticed a kobold demonologist
  6624 | D:9      | Noticed a smoke demon
  6632 | D:8      | Killed a kobold demonologist
  6632 | D:8      | Reached **** piety under Okawaru
  6665 | D:9      | Noticed a green ugly thing
  6683 | D:8      | Killed a green ugly thing
  6684 | D:8      | Reached skill level 14 in Axes
  6856 | D:9      | Reached XP level 10. HP: 45/77 MP: 11/14
  7540 | D:9      | Reached skill level 15 in Axes
  7602 | D:9      | Noticed an orange demon
  7609 | D:9      | Noticed a soul eater
  7849 | D:9      | Found a burning altar of Makhleb.
  8071 | D:10     | Entered Level 10 of the Dungeon
  8071 | D:10     | You fall into a shaft and drop 3 floors!
  8122 | D:13     | Noticed a manticore
  8132 | D:13     | HP: 2/77 [manticore (9)]
  8133 | D:13     | Mangled by a manticore

Illustrated notes

Levels and vault maps discovered:
D:1:      minmay_arrival_diagonal_passages, layout_loops_cross,
          chequers_arboretum, serial_bayou_pond_b, minmay_statues_item
D:2:      layout_loops_ring, uniq_crazy_yiuf_cottage
D:3:      layout_rooms, mainiacjoe_overflow_cross_hatched,
          mainiacjoe_overflow_catwalk_spiral,
          dreamdust_ecumenical_altar_drowned_temple
D:4:      layout_basic, ashenzari_altar_1, nicolae_qazlal_general_emergency,
          lemuel_round_altar
D:5:      layout_rooms, kennysheep_slug_shrine, minmay_temple_entry_overgrown,
          uniq_duvessa
D:6:      layout_cave_pools, mainiacjoe_overflow_brackets,
          mainiacjoe_overflow_boulevard, serial_shops,
          nicolae_shop_pleasant_corner_grove, nicolae_shop_i_like_big_books,
          uniq_grinder
D:7:      layout_loops_ring, mainiacjoe_overflow_alcove_2, lemuel_tele_altar,
          gammafunk_ghost_wrathful_warriors, minmay_a_box_with_orc_wizards_in_it
D:8:      layout_cave_pools, lair_entry_dummy, serial_shops, shop,
          nicolae_shop_vocational
D:9:      layout_long_grid, mainiacjoe_overflow_alcove_1,
          hangedman_decor_opposing, small_statue_intersection
D:10:     minmay_the_grid_plus [minmay_the_grid_holed_spiral,
          minmay_the_grid_rooms, minmay_the_grid_embedded,
          minmay_the_grid_square_x, minmay_the_grid_prize_trominoes],
          layout_cross, general_overflow_altar, hive_lemuel
D:13:     layout_roguey, david_vaults_5, uniq_josephine
Temple:   nicolae_temple_figure_zero

Skill      XL: |  1  2  3  4  5  6  7  8  9 10 |
---------------+-------------------------------+-----
Axes           | 3 4 5 6 7 8 10 12 14 15 | 15.3
Invocations    | 2 3 5 7 8 |  8.0
Fighting       | |  3.6
Armour         | |  3.6
Shields        | |  3.6

Action                     |  1- 3 |  4- 6 |  7- 9 | 10-12 || total
---------------------------+-------+-------+-------+-------++-------
  Melee: War axe           |    80 |    98 |   139 |       ||   317
         Headbutt          |    10 |    13 |    32 |    12 ||    67
         Broad axe         |       |       |    55 |    50 ||   105
 Invoke: Heroism           |       |       |     4 |     1 ||     5
  Evoke: Wand              |       |       |     3 |     6 ||     9
    Use: Scroll            |       |     1 |    11 |     1 ||    13
         Potion            |       |     2 |     3 |     5 ||    10
 Armour: Scale mail        |    36 |     3 |       |       ||    39
         Chain mail        |       |    36 |    82 |       ||   118
         Skin              |       |       |    16 |       ||    16
         Plate armour      |       |       |    23 |    32 ||    55
  Dodge: Dodged            |    36 |    52 |    79 |    17 ||   184
  Block: Buckler           |    22 |    15 |       |       ||    37
         Kite shield       |       |     7 |   102 |    26 ||   135

Table legend: (Time is in decaauts)
 A = Elapsed time spent in this place.
 B = Non-inter-level travel time spent in this place.
 C = Inter-level travel time spent in this place.
 D = Time resting spent in this place.
 E = Time spent auto-exploring this place.
 F = Levels seen in this place.
 G = Mean time per level.
                   A        B        C        D        E       F      G
               +--------+--------+--------+--------+--------+-----+--------+
         Total |   8184 |   7974 |    210 |   1493 |   4074 |  12 |  682.0 |
       Dungeon |   8148 |   7938 |    210 |   1493 |   4074 |  11 |  740.7 |
        Temple |     35 |     35 |      0 |      0 |      0 |   1 |   35.0 |
               +--------+--------+--------+--------+--------+-----+--------+

Top non-repeatable levels by time:
     D:8: 1244 daAuts
     D:7: 1053 daAuts
     D:9: 1027 daAuts
     D:4: 981 daAuts
     D:2: 974 daAuts
     D:1: 797 daAuts
     D:6: 765 daAuts
     D:5: 669 daAuts
     D:3: 573 daAuts
    D:13: 61 daAuts
  Temple: 35 daAuts
